 Dungeon Crawl Stone Soup version 0.19.3-4-gbf9329e (webtiles) character file.

8460 JeffiDaFish the Basher (level 11, -32/67 HPs)
             Began as a Gargoyle Fighter on Jan 28, 2017.
             Was a Believer of Makhleb.
             Killed from afar by an ice dragon (47 damage)
             ... with a blast of cold
             ... on level 9 of the Dungeon on Jan 29, 2017.
             The game lasted 00:29:06 (9267 turns).

JeffiDaFish the Basher (Gargoyle Fighter)           Turns: 9267, Time: 00:29:06

Health: -32/67     AC: 27    Str: 20    XL:     11   Next: 31%
Magic:  14/14      EV: 13    Int:  9    God:    Makhleb [**....]
Gold:   400        SH: 12    Dex: 16    Spells: 1 memorised, 14 levels left

rFire  . . .     SeeInvis .     k - +0 morningstar
rCold  . . .     Gourm    .     v - +2 plate armour {rPois}
rNeg   + + .     Faith    .     c - +0 shield
rPois  ∞         Spirit   .     m - +2 helmet
rElec  +         Reflect  .     (no cloak)
rCorr  .         Harm     .     t - +0 pair of gloves of Precision Catastrophes {rN+}
MR     .....                    (no boots)
Stlth  ..........               (no amulet)
                                p - +6 ring of evasion
                                r - +4 ring of dexterity

@: no status effects
A: negative energy resistance 1, electricity resistance, unbreathing,
petrification resistance, rot immunity, AC +7
a: Minor Destruction, Renounce Religion


You were on level 9 of the Dungeon.
You worshipped Makhleb.
Makhleb was pleased with you.
You were not hungry.

You visited 2 branches of the dungeon, and saw 10 of its levels.

You collected 400 gold pieces.

Inventory:

Hand Weapons
 k - a +0 morningstar (weapon)
 u - a +3 mace of freezing
 w - the +9 hand crossbow of Corruption {elec, +Blink Str+6 Int-3 Stlth+}
   (You found it on level 8 of the Dungeon)

   It charges the ammunition it shoots with electricity; occasionally upon a
   hit, such missiles may discharge and cause terrible harm.
   It affects your strength (+6).
   It affects your intelligence (-3).
   It lets you blink.
   It makes you more stealthy.
Armour
 c - a +0 shield (worn)
 m - a +2 helmet (worn)
 t - the +0 pair of gloves of Precision Catastrophes (worn) {rN+}
   (You found it on level 7 of the Dungeon)

   It protects you from negative energy.
 v - a +2 plate armour of poison resistance (worn)
Jewellery
 e - an uncursed ring of see invisible
 p - a +6 ring of evasion (right hand)
 r - a +4 ring of dexterity (left hand)
Scrolls
 g - 5 scrolls of teleportation
 l - 6 scrolls of remove curse
 q - a scroll of blinking
 y - 3 scrolls of identify
Potions
 b - a potion of magic
 i - 2 potions of might
Books
 n - a book of Cantrips

   Spells                             Type                      Level
   a - Confusing Touch                Hexes                        1
   b - Animate Skeleton               Necromancy                   1
   c - Summon Small Mammal            Summoning                    1
   d - Apportation                    Translocation                1
Comestibles
 a - 2 slices of pizza
 f - 9 bread rations
 j - 8 beef jerkies
 o - 3 meat rations
 s - 10 chunks of flesh


   Skills:
 * Level 7.6 Fighting
 * Level 10.3 Maces & Flails
 * Level 8.2 Armour
 - Level 3.3 Dodging
 - Level 1.2 Stealth
 * Level 9.9 Shields
 + Level 2.5 Spellcasting
 + Level 2.1 Necromancy


You had 14 spell levels left.
You knew the following spells:

 Your Spells              Type           Power        Failure   Level  Hunger
a - Animate Skeleton      Necr           N/A          100%        1    ##.....


Dungeon Overview and Level Annotations

Branches:
Dungeon (9/15)             Temple (1/1) D:6
   Lair: D:8-11         Orc: D:9-12

Altars:
Cheibriados
Dithmenos
Gozag
Kikubaaqudgha
Makhleb
Qazlal
Ru
Trog
Vehumet
Xom
The Shining One

Shops:
D:7 %?(   D:9 [


Innate Abilities, Weirdness & Mutations

You are resistant to torment.
Your stone body is resilient. (AC +7)
You are immune to poison.
You resist negative energy. (rN+)
You are resistant to electric shocks. (rElec)
You can survive without breathing.
You are immune to petrification.
You are immune to rotting.


Message History

* * * LOW HITPOINT WARNING * * *
You block the ice dragon's attack. x2
You closely miss the ice dragon.
The ice dragon is lightly wounded.
The ice dragon closely misses you.
The ice dragon claws you but does no damage.
The ice dragon tramples you.
* * * LOW HITPOINT WARNING * * *
You stumble backwards!
You hit the ice dragon.
The ice dragon is lightly wounded.
The ice dragon bites you but does no damage.
The ice dragon claws you but does no damage.
The ice dragon tramples you but does no damage.
You hit the ice dragon but do no damage.
The ice dragon is lightly wounded.
The ice dragon breathes frost at you. The blast of cold hits you!
Ouch! That really hurt!
You die...

#.# #. ......#..##..# #.#
#....#....#..##..# #.#
#..#...#..#.###..# #.#
###.........#...>.<# ..#
...#.....#.#....### #.#
#.........#....# #.#
#..#...#..#....# #.#
#..D)#....#....# #.#
#...@$....#....# #.# #######
#####[#####....#
..###.....## ##..)## #....#
..##.......####.....# #....#
..#...###...##...#...##....#
..#..## ##..#...###...#.##.#
..†..# #.....## #..#....#
..#..# #..#...# ..#.####
..#...# #...##...# .##.#


You could see an ice dragon.

Vanquished Creatures
  A yaktaur captain (D:9)
  An unseen horror (D:9)
  A deep troll (D:9)
  An ugly thing (D:8)
  A tengu conjurer (D:8)
  2 trolls (D:8)
  Grinder (D:5)
  A wyvern (D:8)
  A hungry ghost (D:8)
  Menkaure (D:5)
  2 water moccasins (D:9)
  6 black bears
  3 orc warriors
  3 sky beasts
  3 ice beasts
  11 ogres
  3 phantoms
  4 centaurs
  A big kobold (D:8)
  2 bullfrogs
  4 scorpions
  5 wights (D:7)
  2 electric eels (D:9)
  6 crimson imps
  A centaur zombie (D:6)
  6 hounds
  3 jellies
  3 orc priests (D:7)
  4 orc wizards
  A gnoll shaman (D:7)
  2 iguanas
  4 worker ants
  A hound zombie (D:6)
  A howler monkey zombie (D:7)
  Robin (D:2)
  2 worker ant zombies
  8 gnolls
  14 adders
  A howler monkey skeleton (D:5)
  2 shadow imps
  An ooze (D:5)
  2 adder zombies (D:8)
  2 worms (D:2)
  A dart slug (D:2)
  6 leopard geckos
  33 orcs
  7 bats
  2 giant cockroaches
  21 goblins
  20 hobgoblins
  3 jackals
  13 kobolds
  3 quokkas
  3 ball pythons
  8 frilled lizards
  A quokka skeleton (D:8)
  A quokka zombie (D:7)
  10 rats
257 creatures vanquished.

Vanquished Creatures (others)
  A goblin (D:7)
  A hobgoblin (D:7)
2 creatures vanquished.

Grand Total: 259 creatures vanquished

Notes
Turn   | Place    | Note
-------+----------+-------------------------------------------
     0 | D:1      | JeffiDaFish the Gargoyle Fighter began the quest for the Orb.
     0 | D:1      | Reached XP level 1. HP: 14/14 MP: 1/1
   180 | D:1      | Reached XP level 2. HP: 15/19 MP: 2/2
   750 | D:1      | Reached XP level 3. HP: 23/23 MP: 3/3
  1426 | D:2      | Reached XP level 4. HP: 29/29 MP: 4/4
  1536 | D:2      | Noticed Robin
  1555 | D:2      | Reached skill level 1 in Dodging
  1576 | D:2      | Killed Robin
  2256 | D:3      | Reached skill level 3 in Maces & Flails
  2256 | D:3      | Reached XP level 5. HP: 32/33 MP: 5/5
  2530 | D:3      | Found a sacrificial altar of Ru.
  2845 | D:4      | Noticed an ogre
  2853 | D:4      | Killed an ogre
  2853 | D:4      | Reached XP level 6. HP: 21/38 MP: 6/6
  3043 | D:4      | Found a faded altar of an unknown god.
  3043 | D:4      | Found a shadowy altar of Dithmenos.
  3048 | D:4      | Found a faded altar of an unknown god.
  3050 | D:4      | Found a faded altar of an unknown god.
  3051 | D:4      | Found a faded altar of an unknown god.
  3516 | D:5      | Entered Level 5 of the Dungeon
  3745 | D:5      | Reached skill level 4 in Maces & Flails
  3773 | D:5      | Noticed Grinder
  3784 | D:5      | Killed Grinder
  3784 | D:5      | Reached skill level 5 in Shields
  3784 | D:5      | Reached XP level 7. HP: 37/44 MP: 7/7
  3915 | D:5      | Reached skill level 1 in Stealth
  4139 | D:5      | Noticed Menkaure
  4147 | D:5      | Killed Menkaure
  4147 | D:5      | Reached skill level 5 in Maces & Flails
  4196 | D:5      | Reached XP level 8. HP: 39/48 MP: 8/8
  4354 | D:5      | Reached skill level 5 in Fighting
  4354 | D:5      | Reached skill level 6 in Maces & Flails
  4354 | D:5      | Reached skill level 5 in Armour
  4867 | D:6      | Reached skill level 7 in Maces & Flails
  5082 | D:6      | Found a snail-covered altar of Cheibriados.
  5083 | D:6      | Found an ancient bone altar of Kikubaaqudgha.
  5128 | D:6      | Identified the +1 scale mail "Qake" {MP+9} (You found it on level 6 of the Dungeon)
  5171 | D:6      | Reached XP level 9. HP: 52/54 MP: 9/9
  5674 | D:6      | Found a staircase to the Ecumenical Temple.
  5691 | Temple   | Entered the Ecumenical Temple
  5712 | Temple   | Became a worshipper of Makhleb the Destroyer
  6221 | D:7      | Found Xexyev's Weapon Shop.
  6237 | D:6      | Reached skill level 8 in Maces & Flails
  6294 | D:7      | Found a bloodstained altar of Trog.
  6550 | D:7      | Got a pair of spiked gloves
  6561 | D:7      | Identified the +0 pair of gloves of Precision Catastrophes {rN+} (You found it on level 7 of the Dungeon)
  6676 | D:7      | Reached * piety under Makhleb
  6729 | D:7      | Identified a scroll of acquirement
  6912 | D:7      | Found Befoz's Food Shop.
  6935 | D:7      | Reached ** piety under Makhleb
  7065 | D:7      | Reached skill level 9 in Maces & Flails
  7154 | D:7      | Reached XP level 10. HP: 60/60 MP: 10/10
  7216 | D:7      | Found Caups's Magic Scroll Boutique.
  7695 | D:8      | Learned a level 1 spell: Animate Skeleton
  7698 | D:8      | Noticed a cyan ugly thing
  7723 | D:8      | Killed a cyan ugly thing
  7728 | D:8      | Reached *** piety under Makhleb
  7754 | D:8      | Reached skill level 1 in Spellcasting
  7758 | D:8      | Got a jewelled scythe {speed}
  7926 | D:8      | Found a stormy altar of Qazlal.
  7933 | D:8      | Got a faintly glowing hand crossbow
  7934 | D:8      | Identified the +9 hand crossbow of Corruption {elec, +Blink Str+6 Int-3 Stlth+} (You found it on level 8 of the Dungeon)
  7948 | D:8      | Found a shimmering altar of Xom.
  8002 | D:8      | Reached skill level 1 in Necromancy
  8630 | D:9      | Noticed an unseen horror
  8652 | D:9      | Killed an unseen horror
  8669 | D:9      | Found Rewec's Armour Boutique.
  8787 | D:9      | Reached skill level 10 in Maces & Flails
  9058 | D:9      | Reached XP level 11. HP: 67/67 MP: 13/13
  9119 | D:9      | Noticed a yaktaur captain
  9122 | D:9      | Noticed a deep troll
  9148 | D:9      | Killed a yaktaur captain
  9171 | D:9      | Killed a deep troll
  9249 | D:9      | Noticed an ice dragon
  9267 | D:9      | Killed from afar by an ice dragon

Skill      XL: |  1  2  3  4  5  6  7  8  9 10 11 |
---------------+----------------------------------+-----
Shields        | 4 5 6 8 9 |  9.9
Dodging        | 1 2 3 |  3.3
Fighting       | 4 5 7 |  7.6
Maces & Flails | 3 4 5 7 9 10 | 10.3
Armour         | 4 5 6 7 8 |  8.2
Stealth        | 1 |  1.2
Spellcasting   | 1 2 |  2.5
Necromancy     | 1 2 |  2.1

Action                   |  1- 3 |  4- 6 |  7- 9 | 10-12 || total
-------------------------+-------+-------+-------+-------++-------
Melee: Flail             |   164 |   242 |   438 |       ||   844
       Mace              |       |       |    86 |   357 ||   443
       Whip              |       |       |    48 |       ||    48
       Morningstar       |       |       |       |     3 ||     3
  Use: Potion            |     6 |     3 |     6 |     5 ||    20
       Scroll            |     4 |     4 |     5 |     2 ||    15
  Eat: Chunk             |     2 |     6 |    13 |     3 ||    24
       Beef jerky        |       |     1 |       |       ||     1
       Meat ration       |       |       |       |     1 ||     1
       Fruit             |       |       |       |     1 ||     1
Armor: Scale mail        |    81 |   164 |    90 |       ||   335
       Plate armour      |       |       |   178 |   143 ||   321
Dodge: Dodged            |    60 |    97 |   244 |   184 ||   585
Block: Shield            |    90 |   168 |   382 |   208 ||   848
